 Dungeon Crawl Stone Soup version 0.31-a0-37-g98a128e1d9 (webtiles) character file.

Game seed: 13395097053999519630

42 BlasphemerAmon the Trooper (level 3, -8/29 HPs)
             Began as a Demonspawn Fighter on May 16, 2023.
             Killed by nerve-wracking pain
             ... invoked by Jessica
              (14 damage)
             ... on level 2 of the Dungeon.
             The game lasted 00:01:14 (882 turns).

BlasphemerAmon the Trooper (Demonspawn Fighter)      Turns: 882, Time: 00:01:15

Health: -8/29      AC:  6    Str: 24    XL:     3   Next: 33%
Magic:  3/3        EV: 10    Int: 11    God:
Gold:   80         SH: 10    Dex: 18    Spells: 2/2 levels left

rFire   . . .        a - +0 trident
rCold   . . .        c - +0 buckler
rNeg    . . .        b - +0 scale mail
rPois   .            (helmet restricted)
rElec   .            (no cloak)
rCorr   .            (no gloves)
SInv    .            (no boots)
Will    .....        g - amulet of reflection Stlth
                     j - +6 ring of strength
HPRegen 0.24/turn    m - +6 ring of dexterity
MPRegen 0.08/turn

%: reflection
@: no status effects
A: horns 1, big brain 1
a: no special abilities


You were on level 2 of the Dungeon.
You visited 1 branch of the dungeon, and saw 2 of its levels.

You collected 80 gold pieces.

Inventory:

Hand Weapons
 a - a +0 trident (weapon)
Armour
 b - a +0 scale mail (worn)
 c - a +0 buckler (worn)
Jewellery
 g - an amulet of reflection (around neck)
 j - a +6 ring of strength (left hand)
 m - a +6 ring of dexterity (right hand)
Scrolls
 e - 2 scrolls of identify {unknown}
 i - a scroll of poison {unknown}
 k - a scroll of teleportation {unknown}
 l - a scroll of noise {unknown}
 n - a scroll of fear {unknown}
Potions
 d - 2 potions of might
 f - a potion of degeneration {unknown}
 h - a potion of mutation {unknown}


   Skills:
 + Level 3.2 Fighting
 + Level 2.1 Polearms
 + Level 2.9 Armour
 + Level 1.0 Dodging
 + Level 2.9 Shields
 + Level 0.0 Spellcasting
 + Level 1.3 Invocations


You had 2 spell levels left.
You didn't know any spells.
Your spell library contained the following spells:

 Spells                   Type           Power      Damage    Failure   Level
 Blink                    Tloc           0%         N/A       83%         2
 Lesser Beckoning         Tloc           0%         N/A       83%         2
 Momentum Strike          Conj/Tloc      0%         3d8       83%         2


Dungeon Overview and Level Annotations

Branches:
Dungeon (2/15)

Altars:

Annotations:
D:2 Jessica


Innate Abilities, Weirdness & Mutations

You have a pair of small horns on your head.
You have an unusually large brain. (Int +2)


Message History

You block the worm's attack. Jessica gestures at you while chanting.
Pain shoots through your body!
You hit the worm.
The worm is almost dead.
Jessica casts a spell at you. Pain shoots through your body!
The giant cockroach bites you but does no damage. x2
You block Jessica's attack. The worm misses you.
You barely miss the worm.
The worm is almost dead.
Jessica hits you but does no damage. You block the giant cockroach's attack.
You barely miss the worm.
The worm is almost dead.
You block Jessica's attack. The giant cockroach closely misses you.
You block Jessica's attack. The worm barely misses you.
The giant cockroach barely misses you.
You completely miss the worm. You headbutt the worm.
You kill the worm!
Jessica gestures wildly while chanting.
Jessica blinks!
The giant cockroach barely misses you. Jessica gestures at you while chanting.
Pain shoots through your body!
You are too injured to fight recklessly!
You are too injured to fight recklessly!
You closely miss the giant cockroach.
The giant cockroach bites you but does no damage.
Jessica hits you with a +0 dagger.
* * * LOW HITPOINT WARNING * * *
You hit the giant cockroach.
You kill the giant cockroach!
Jessica hits you but does no damage. Jessica gestures at you while chanting.
You barely resist. Jessica closely misses you.
Jessica hits you with a +0 dagger.
* * * LOW HITPOINT WARNING * * *
Jessica points at you and mumbles some strange words.
Pain shoots through your body!
You die...

...#.........#
.............# .##
.###.....†...# ..# .#
#.........# #.# ##
##........## #.# #
##.....#..###.#######
#
########...<.>.....#
###.........#
#.@.......#
#.@.......#
#..†....<.#
#.........#
#.........#
#.$.......#
#.........#
#.........#
###########


You could see Jessica (fast).

Vanquished Creatures
  An adder (D:2)
  2 worms (D:2)
  A dart slug (D:1)
  An endoplasm (D:1)
  A giant cockroach (D:2)
  2 goblins (D:1)
  2 hobgoblins (D:1)
  A quokka (D:1)
  6 ball pythons
  A bat (D:1)
  3 frilled lizards (D:1)
  A kobold (D:2)
  5 rats
27 creatures vanquished.

Notes
Turn   | Place    | Note
-------+----------+-------------------------------------------
     0 | D:1      | BlasphemerAmon the Demonspawn Fighter began the quest for
                  | the Orb.
     0 | D:1      | Reached XP level 1. HP: 18/18 MP: 1/1
   208 | D:1      | Gained mutation: You have a pair of small horns on your
                  | head. [demonic ancestry]
   208 | D:1      | Reached XP level 2. HP: 24/24 MP: 2/2
   705 | D:2      | Reached skill level 1 in Invocations
   720 | D:2      | Gained mutation: You have an unusually large brain. (Int
                  | +2) [demonic ancestry]
   720 | D:2      | Reached XP level 3. HP: 8/29 MP: 3/3
   828 | D:2      | Reached skill level 1 in Dodging
   868 | D:2      | Noticed Jessica
   882 | D:2      | Killed from afar by Jessica

Illustrated notes

Levels and vault maps discovered:
D:1:      minmay_arrival_plants_in_alcoves, layout_loops_ring
D:2:      layout_rooms, uniq_jessica

Skill      XL: |  1  2  3 |
---------------+----------+-----
Polearms       | 2 |  2.1
Invocations    | 1 |  1.3
Dodging        | 1 |  1.0
Fighting       | |  3.2
Armour         | |  2.9
Shields        | |  2.9

Action                     || total
---------------------------++-------
  Melee: Trident           ||    79
         Headbutt          ||     5
 Armour: Scale mail        ||    22
  Dodge: Dodged            ||    26
  Block: Buckler           ||    27

Table legend: (Time is in decaauts)
 A = Elapsed time spent in this place.
 B = Non-inter-level travel time spent in this place.
 C = Inter-level travel time spent in this place.
 D = Time resting spent in this place.
 E = Time spent auto-exploring this place.
 F = Levels seen in this place.
 G = Mean time per level.
                   A        B        C        D        E       F      G
               +--------+--------+--------+--------+--------+-----+--------+
         Total |    899 |    840 |     59 |      0 |    672 |   2 |  449.5 |
       Dungeon |    899 |    840 |     59 |      0 |    672 |   2 |  449.5 |
               +--------+--------+--------+--------+--------+-----+--------+

Top non-repeatable levels by time:
     D:1: 701 daAuts
     D:2: 197 daAuts
